 Dungeon Crawl Stone Soup version 0.17.1-3-g152610e (webtiles) character file.

629 dmf the Destroyer (level 7, 0/36 HPs)
             Began as a Deep Elf Conjurer on Mar 25, 2016.
             Shot with an arrow by a centaur (10 damage)
             ... on level 5 of the Dungeon.
             The game lasted 00:41:42 (4678 turns).

dmf the Destroyer (Deep Elf Conjurer)               Turns: 4678, Time: 00:41:42

Health: 0/36       AC:  5    Str:  7    XL:     7   Next: 23%
Magic:  11/18      EV: 13    Int: 20    God:
Gold:   245        SH:  0    Dex: 15    Spells: 2 memorised, 12 levels left

rFire  x . .     SeeInvis .     i - +3 dagger (venom)
rCold  + . .     Clarity  .     a - +0 robe
rNeg   . . .     SustAt   .     (no shield)
rPois  .         Gourm    .     (no helmet)
rElec  .         Spirit   .     (no cloak)
rCorr  .         Warding  .     o - +2 pair of gloves
rMut   .         Stasis   .     (no boots)
MR     .....                    (no amulet)
Stlth  ++........               (no ring)
                                x - ring of ice

@: not resistant to hostile enchantments, unstealthy
A: no striking features
a: no special abilities


You were on level 5 of the Dungeon.
You were not hungry.

You visited 1 branch of the dungeon, and saw 5 of its levels.

You collected 245 gold pieces.

Inventory:

Hand Weapons
 i - a +3 dagger of venom (weapon)
 C - a cursed -3 short sword
Armour
 a - a +0 robe (worn)
 o - a +2 pair of gloves (worn)
 p - a +0 buckler
Jewellery
 x - a ring of ice (left hand)
 y - an uncursed ring of protection from fire {unknown}
Wands
 k - a wand of enslavement (15)
Scrolls
 d - a scroll of recharging
 h - 2 scrolls of fog
 q - 2 scrolls of remove curse
 r - a scroll of amnesia
 v - 2 scrolls of blinking {unknown}
 A - a scroll of noise {unknown}
 B - a scroll of fear {unknown}
 E - a scroll of enchant weapon
 F - a scroll of identify
Potions
 e - a potion of beneficial mutation {unknown}
 g - 2 potions of curing
 j - a potion of invisibility {unknown}
 l - a potion of cancellation {unknown}
 m - 2 potions of lignification
 s - a potion of flight {unknown}
 t - a potion of resistance {unknown}
 z - 2 potions of poison {unknown}
Books
 b - a book of Conjurations

   Spells                             Type                      Level
   a - Magic Dart                     Conjuration                  1
   b - Searing Ray                    Conjuration                  2
   c - Dazzling Spray                 Conjuration/Hexes            3
   d - Fulminant Prism                Conjuration/Hexes            4
   e - Iskenderun's Mystic Blast      Conjuration                  4
   f - Iskenderun's Battlesphere      Conjuration/Charms           5
Comestibles
 c - 3 bread rations
 f - a slice of pizza
 n - 4 beef jerkies
 w - 6 fruits
 D - a royal jelly
 G - 2 chunks of flesh


   Skills:
 - Level 2.5 Dodging
 - Level 2.4 Stealth
 - Level 6.1 Spellcasting
 * Level 8.4 Conjurations
 * Level 1.7 Charms


You had 12 spell levels left.
You knew the following spells:

 Your Spells              Type           Power        Failure   Level  Hunger
a - Magic Dart            Conj           ####         1%          1    None
b - Iskenderun's Battles  Conj/Chrm      ####....     38%         5    #####..


Dungeon Overview and Level Annotations

Branches:
Dungeon (5/15)
 Temple: D:4-7

Altars:
Fedhas
Makhleb

Shops:
D:5 *(

Annotations:
D:5 shops


Message History

The magic dart hits the centaur.
The centaur is almost dead.
The centaur shoots an arrow.
The arrow hits you.
* * * LOW HITPOINT WARNING * * *
Casting: Magic Dart
Confirm with . or Enter, or press ? or * to list all spells.
You don't know that spell.
Sorry, you're not good enough to have a special ability.
The centaur shoots an arrow.
The arrow hits you but does no damage.
The centaur shoots an arrow.
The arrow barely misses you.
You see here 2 arrows.
Casting: Magic Dart
Confirm with . or Enter, or press ? or * to list all spells.
Aiming: Magic Dart
Press: ? - help, Shift-Dir - straight line, f/p - centaur
Aim: a centaur, wielding a shortbow (almost dead)
The magic dart hits the centaur.
The centaur is almost dead.
The centaur shoots an arrow.
The arrow hits you!
You die...

#.#. #.)) #..# #..# ..
#..###... #..c.....
#(..#. #(##.# #@##.#
#.##.# #.##.# #.##.#
#######.##.#####
#........#.....#######
#[#.####..............
#.#...##.#####.######.
#b#.#.##.# #.#


You could see a centaur.

Vanquished Creatures
  Sigmund (D:3)
  A sky beast (D:5)
  A crimson imp (D:5)
  2 iguanas
  A giant frog skeleton (D:3)
  2 orc wizards (D:4)
  3 worker ants (D:4)
  7 adders
  A worm (D:2)
  11 orcs
  2 ball pythons
  11 bats
  5 giant cockroaches
  6 hobgoblins
  4 jackals (D:3)
  10 kobolds
  2 quokkas
  7 giant newts
  10 goblins
  A jackal zombie (D:5)
  6 rats
94 creatures vanquished.

Notes
Turn   | Place    | Note
--------------------------------------------------------------
     0 | D:1      | dmf the Deep Elf Conjurer began the quest for the Orb.
     0 | D:1      | Reached XP level 1. HP: 10/10 MP: 6/6
   333 | D:1      | Reached XP level 2. HP: 9/15 MP: 1/8
   452 | D:1      | Reached skill level 5 in Conjurations
  1149 | D:2      | Reached XP level 3. HP: 19/19 MP: 5/9
  1453 | D:2      | Found a burning altar of Makhleb.
  1823 | D:3      | Found a blossoming altar of Fedhas.
  2199 | D:3      | Reached skill level 6 in Conjurations
  2199 | D:3      | Reached XP level 4. HP: 24/24 MP: 7/11
  2634 | D:3      | Noticed Sigmund
  2948 | D:4      | Reached XP level 5. HP: 19/28 MP: 2/12
  2955 | D:4      | Learned a level 5 spell: Iskenderun's Battlesphere
  3055 | D:4      | Reached skill level 7 in Conjurations
  3533 | D:3      | Killed Sigmund
  3533 | D:3      | Reached XP level 6. HP: 12/32 MP: 4/17
  4352 | D:5      | Entered Level 5 of the Dungeon
  4371 | D:5      | Reached skill level 1 in Charms
  4473 | D:5      | Found Qoss's Antique Weapon Shoppe.
  4575 | D:5      | Reached skill level 8 in Conjurations
  4575 | D:5      | Reached XP level 7. HP: 28/36 MP: 11/18
  4615 | D:5      | Found Seabbef's Assorted Antiques.
  4678 | D:5      | Shot with an arrow by a centaur

Action                   |  1- 3 |  4- 6 |  7- 9 || total
-------------------------+-------+-------+-------++-------
Melee: Dagger            |     2 |    13 |     1 ||    16
 Cast: Magic Dart        |   102 |   143 |    10 ||   255
  Use: Scroll            |     8 |     2 |     2 ||    12
       Potion            |       |     1 |       ||     1
  Eat: Chunk             |     4 |     7 |       ||    11
